 Dungeon Crawl Stone Soup version 0.19-a0-1899-g2d93087 (webtiles) character file.

27649 Amnesiac the Severer (level 13, -5/111 HPs)
             Began as a Hill Orc Berserker on Oct 19, 2016.
             Was a High Priest of Trog.
             Slain by a catoblepas (8 damage)
             ... on level 6 of the Lair of Beasts.
             The game lasted 00:21:34 (9600 turns).

Amnesiac the Severer (Hill Orc Berserker)           Turns: 9600, Time: 00:21:35

Health: -5/111     AC: 16    Str: 23    XL:     13   Next: 33%
Magic:  13/13      EV:  2    Int:  7    God:    Trog [*****.]
Gold:   568        SH:  0    Dex: 16    Spells: 0 memorised, 12 levels left

rFire  . . .     SeeInvis .     i - +1 battleaxe (freeze)
rCold  . . .     Gourm    +     m - +4 chain mail {MR+}
rNeg   + + +     Faith    .     (shield currently unavailable)
rPois  ∞         Spirit   .     (no helmet)
rElec  .         Reflect  .     z - +1 cloak
rCorr  .         Harm     .     (no gloves)
MR     +....                    (no boots)
Stlth  ..........               u - amulet of the gourmand
                                (no ring)
                                (no ring)

@: petrified
A: agile 1, frail 1, strong 1
a: Berserk, Trog's Hand, Brothers in Arms, Burn Spellbooks, Renounce Religion


You were on level 6 of the Lair of Beasts.
You worshipped Trog.
Trog was extremely pleased with you.
You were completely stuffed.

You visited 2 branches of the dungeon, and saw 17 of its levels.
You also visited: Ossuary.

You collected 965 gold pieces.
You spent 397 gold pieces at shops.

Inventory:

Hand Weapons
 d - a +3 battleaxe
 i - a +1 battleaxe of freezing (weapon)
Missiles
 r - a throwing net (quivered)
Armour
 a - a +3 chain mail of fire resistance
 m - a +4 chain mail of magic resistance (worn)
 y - the +1 helmet "Hotulih" {rC+}
   (You found it on level 8 of the Dungeon)

   It protects you from cold.
 z - a +1 cloak (worn)
Jewellery
 u - an amulet of the gourmand (around neck)
 A - an uncursed ring of protection from fire
Wands
 f - a wand of confusion (34/48)
 j - a wand of slowing (8/48)
 n - a wand of acid (9/15)
 K - a wand of disintegration (14/24)
Scrolls
 p - 7 scrolls of enchant armour
 s - a scroll of fear
 D - a scroll of enchant weapon
 H - 3 scrolls of remove curse
 I - 2 scrolls of blinking
 J - 3 scrolls of teleportation
 P - a scroll of identify
Potions
 b - 5 potions of ambrosia
 e - a potion of might
 h - a potion of agility
 l - a potion of lignification
 o - a potion of haste
 q - 4 potions of flight
 v - a potion of invisibility
 x - 2 potions of magic
 B - a potion of degeneration
 C - 2 potions of cure mutation
 E - 3 potions of cancellation
Books
 k - a book of Changes

   Spells                             Type                      Level
   a - Beastly Appendage              Transmutation                1
   b - Sticks to Snakes               Transmutation                2
   c - Spider Form                    Transmutation/Poison         3
   d - Ice Form                       Ice/Transmutation            4
   e - Blade Hands                    Transmutation                5
   Trog disapproves of the use of such an item.
 t - a book of Geomancy

   Spells                             Type                      Level
   a - Sandblast                      Earth                        1
   b - Passwall                       Transmutation/Earth          2
   c - Stone Arrow                    Conjuration/Earth            3
   d - Petrify                        Transmutation/Earth          4
   e - Lee's Rapid Deconstruction     Earth                        5
   Trog disapproves of the use of such an item.
 w - a Young Poisoner's Handbook

   Spells                             Type                      Level
   a - Sting                          Conjuration/Poison           1
   b - Mephitic Cloud                 Conjuration/Poison/Air       3
   c - Olgreb's Toxic Radiance        Poison                       4
   d - Alistair's Intoxication        Transmutation/Poison         5
   e - Venom Bolt                     Conjuration/Poison           5
   Trog disapproves of the use of such an item.
 M - a book of Flames

   Spells                             Type                      Level
   a - Flame Tongue                   Conjuration/Fire             1
   b - Throw Flame                    Conjuration/Fire             2
   c - Conjure Flame                  Conjuration/Fire             3
   d - Inner Flame                    Hexes/Fire                   3
   e - Sticky Flame                   Conjuration/Fire             4
   f - Fireball                       Conjuration/Fire             5
   Trog disapproves of the use of such an item.
Miscellaneous
 N - a box of beasts
Comestibles
 c - 7 bread rations
 g - 12 royal jellies
 F - 27 fruits
 G - 3 beef jerkies
 L - a slice of pizza
 O - 2 meat rations
 Q - 8 chunks of flesh


   Skills:
 - Level 14.0 Fighting
 - Level 20.0 Axes
 + Level 7.3 Armour
 + Level 5.5 Dodging


You had 12 spell levels left.
You didn't know any spells.

Dungeon Overview and Level Annotations

Branches:
Dungeon (11/15)            Temple (0/1) D:4            Lair (6/6) D:11
    Orc (0/2) D:10
  Swamp: Lair:2-4    Shoals: Lair:2-4     Snake: Lair:2-4    Spider: Lair:2-4
  Slime: Lair:5-6

Altars:
Hepliaklqana
Uskayaw

Shops:
D:10 [(

Annotations:
D:10 2 runed doors


Innate Abilities, Weirdness & Mutations

You are agile. (Dex +2)
You are frail. (-10% HP)
Your muscles are strong. (Str +2)


Message History

You are slowing down.
The death yak gores you but does no damage.
The death yak gores you but does no damage.
The catoblepas gores you!!
Your limbs are stiffening.
You barely miss the catoblepas.
The catoblepas is moderately wounded.
You barely miss the death yak. The death yak gores you!
The catoblepas gores you but does no damage.
You have turned to stone.
The death yak gores you! The catoblepas gores you!!
* * * LOW HITPOINT WARNING * * *
The death yak gores you!
* * * LOW HITPOINT WARNING * * *
The catoblepas gores you!!
* * * LOW HITPOINT WARNING * * *
The death yak gores you but does no damage.
The catoblepas barely misses you.
The death yak gores you but does no damage.
The catoblepas gores you!
You die...

# #.# #### ##...########
##..## ##
#......†Y@..###..#.######.
#P.P..##Y..P..##.....#...#
##...§ ##......##.........
#.#÷Y ###....P#.....#.#.
#. #.. ###...##....##.. #.
#.. #P...###..#P.. P ...
##.÷..####.... ... #.....#
###.. #.....###....


You could see a death yak and a catoblepas.

Vanquished Creatures
  Snorg (D:11)
  Josephine (D:11)
  2 death yaks (Lair:6)
  Urug (D:11)
  The ghost of Amnesiac the Grappler, a novice TrBe of Trog (D:8)
  An orc knight (D:10)
  A hill giant (D:11)
  The ghost of Goblin1989 the Spear-Bearer, a novice HuFi (D:5)
  9 elephants
  Maurice (D:10)
  2 black mambas
  A gargoyle (D:10)
  6 spiny frogs
  2 komodo dragons
  A polar bear (Lair:6)
  A queen bee (D:9)
  4 trolls
  A two-headed ogre (D:9)
  9 blink frogs (Lair:6)
  3 hippogriffs
  5 wraiths
  Sigmund (D:5)
  11 yaks (Lair:5)
  3 hungry ghosts
  2 vampire mosquitoes (D:11)
  6 water moccasins
  2 porcupines
  4 orc warriors
  A sky beast (D:10)
  2 necrophages (D:7)
  2 phantoms
  4 ice beasts
  3 ogres
  2 black bears (Lair:6)
  5 centaurs
  8 crocodiles
  4 elf zombies (Ossuary)
  4 bullfrogs
  4 big kobolds
  3 scorpions
  37 killer bees
  19 wights
  4 jellies
  An electric eel (Lair:1)
  A howler monkey (D:6)
  4 crimson imps
  2 bullfrog zombies
  5 centaur zombies
  6 human zombies (Ossuary)
  A hound (D:7)
  6 orc wizards
  2 bullfrog skeletons
  3 orc priests
  3 iguanas
  A worker ant (D:10)
  A hound zombie (D:7)
  A hound skeleton (D:7)
  7 mummies
  A howler monkey zombie (D:7)
  11 gnolls
  4 adders
  2 shadow imps
  An adder zombie (D:7)
  A dart slug (D:2)
  3 leopard geckos
  29 orcs
  2 giant cockroaches
  A goblin (D:2)
  4 hobgoblins
  10 jackals
  3 quokkas
  3 bats
  4 frilled lizards
  20 kobolds
  2 rats (D:2)
  4 fungi
  A plant (Lair:6)
335 creatures vanquished.

Vanquished Creatures (collateral kills)
  2 hydras
2 creatures vanquished.

Vanquished Creatures (others)
  A hydra (Lair:5)
  2 fungi (Lair:6)
  2 plants (Lair:5)
  6 toadstools (Lair:5)
11 creatures vanquished.

Grand Total: 348 creatures vanquished

Notes
Turn   | Place    | Note
-------+----------+-------------------------------------------
     0 | D:1      | Amnesiac the Hill Orc Berserker began the quest for the Orb.
     0 | D:1      | Reached XP level 1. HP: 19/19 MP: 1/1
   112 | D:2      | Reached XP level 2. HP: 21/26 MP: 2/2
   113 | D:2      | Reached skill level 5 in Axes
   285 | D:2      | Reached XP level 3. HP: 16/31 MP: 3/3
   305 | D:2      | Reached ** piety under Trog
   515 | D:3      | Reached skill level 6 in Axes
   571 | D:4      | Reached XP level 4. HP: 36/39 MP: 4/4
   660 | D:5      | Entered Level 5 of the Dungeon
   717 | D:5      | Noticed an ice beast
   734 | D:5      | Killed an ice beast
   734 | D:5      | Reached skill level 7 in Axes
   734 | D:5      | Reached XP level 5. HP: 46/46 MP: 5/5
   758 | D:4      | Found a staircase to the Ecumenical Temple.
   758 | D:4      | Noticed a phantom
   805 | D:5      | Killed a phantom
   805 | D:5      | Reached skill level 8 in Axes
   805 | D:5      | Reached XP level 6. HP: 16/53 MP: 6/6
   871 | D:5      | Noticed Sigmund
   880 | D:5      | Killed Sigmund
   880 | D:5      | Reached skill level 5 in Fighting
   986 | D:5      | Reached skill level 9 in Axes
  1026 | D:5      | Reached XP level 7. HP: 32/61 MP: 7/7
  1091 | D:5      | Noticed Goblin1989's ghost (novice HuFi)
  1232 | D:5      | Killed Goblin1989's ghost
  1232 | D:5      | Reached skill level 10 in Axes
  1232 | D:5      | Reached XP level 8. HP: 71/71 MP: 8/8
  1712 | D:6      | Reached skill level 11 in Axes
  1806 | D:6      | Reached *** piety under Trog
  1880 | D:6      | Found a hazy altar of Hepliaklqana.
  1962 | D:7      | Reached skill level 12 in Axes
  2083 | D:7      | Reached XP level 9. HP: 61/81 MP: 9/9
  2185 | D:7      | Found a sand-covered staircase.
  2189 | Ossuary  | Entered an ossuary
  2206 | Ossuary  | Reached skill level 13 in Axes
  2371 | Ossuary  | Reached **** piety under Trog
  2481 | D:8      | Got a polished helmet
  2487 | D:8      | Identified the +1 helmet "Hotulih" {rC+} (You found it on level 8 of the Dungeon)
  2618 | D:7      | Reached skill level 14 in Axes
  2749 | D:8      | Noticed Amnesiac's ghost (novice TrBe)
  2764 | D:8      | Killed Amnesiac's ghost
  2845 | D:8      | Reached XP level 10. HP: 74/91 MP: 10/10
  3016 | D:8      | Reached skill level 15 in Axes
  3069 | D:8      | Noticed a five-headed hydra
  3077 | D:8      | Killed a five-headed hydra
  3077 | D:8      | Reached skill level 10 in Fighting
  3776 | D:9      | Found a hide-covered altar of Uskayaw.
  4149 | D:9      | Reached skill level 16 in Axes
  4551 | D:10     | Entered Level 10 of the Dungeon
  4630 | D:10     | Noticed an orc knight
  4997 | D:10     | Noticed a gargoyle
  5003 | D:10     | Killed a gargoyle
  5275 | D:10     | Got a faintly glowing ring mail
  5286 | D:10     | Identified the +1 ring mail "Tuloas" {rElec Str+2} (You found it on level 10 of the Dungeon)
  5289 | D:10     | Noticed a centaur warrior
  5293 | D:10     | Found a large runed door.
  5301 | D:10     | Reached XP level 11. HP: 56/102 MP: 11/11
  5303 | D:10     | Found a large runed door.
  5303 | D:10     | Noticed Maurice
  5320 | D:10     | HP: 6/153 [killer bee (6)]
  5332 | D:10     | Reached skill level 17 in Axes
  5363 | D:10     | Gained mutation: You have large cloven feet. [mutagenic meat]
  5366 | D:10     | Gained mutation: You have a beak for a mouth. [mutagenic meat]
  5369 | D:10     | Gained mutation: Your mind is acute. (Int +2) [mutagenic meat]
  5372 | D:10     | Gained mutation: Scrolls take you a little longer to read. [mutagenic meat]
  5375 | D:10     | Gained mutation: Your muscles are strong. (Str +2) [mutagenic meat]
  5378 | D:10     | Gained mutation: Your mind is very acute. (Int +4) [mutagenic meat]
  5395 | D:10     | Gained mutation: Your spells are a little harder to cast, but a little more powerful. [potion of mutation]
  5395 | D:10     | Lost mutation: Your muscles are strong. (Str +2) [potion of mutation]
  5481 | D:10     | Found Putag's Weapon Shop.
  5482 | D:10     | Found a staircase to the Orcish Mines.
  5499 | D:10     | Reached ***** piety under Trog
  5538 | D:10     | Found Zucveh's Armour Emporium.
  5546 | D:10     | Bought a +3 chain mail of fire resistance for 397 gold pieces
  5786 | D:9      | Received a gift from Trog
  6503 | D:10     | Killed an orc knight
  6503 | D:10     | Reached skill level 18 in Axes
  6505 | D:10     | Killed Maurice
  6727 | D:11     | Noticed Snorg
  6896 | D:11     | Noticed Urug
  6906 | D:11     | Killed Urug
  7031 | D:11     | Identified a scroll of acquirement
  7139 | D:11     | Killed Snorg
  7166 | D:11     | Noticed Josephine
  7182 | D:11     | Killed Josephine
  7182 | D:11     | Reached skill level 19 in Axes
  7182 | D:11     | Reached XP level 12. HP: 113/113 MP: 12/12
  7311 | D:11     | Found a staircase to the Lair.
  7365 | Lair:1   | Entered Level 1 of the Lair of Beasts
  7559 | Lair:2   | Noticed an eight-headed hydra
  7628 | Lair:1   | Noticed a seven-headed hydra
  7637 | Lair:1   | Killed a seven-headed hydra
  7787 | Lair:1   | Lost mutation: Scrolls take you a little longer to read. [potion of cure mutation]
  7787 | Lair:1   | Lost mutation: You have large cloven feet. [potion of cure mutation]
  7787 | Lair:1   | Lost mutation: Your mind is very acute. (Int +4) [potion of cure mutation]
  7787 | Lair:1   | Lost mutation: Your mind is acute. (Int +2) [potion of cure mutation]
  7787 | Lair:1   | Lost mutation: You have a beak for a mouth. [potion of cure mutation]
  7787 | Lair:1   | Lost mutation: Your spells are a little harder to cast, but a little more powerful. [potion of cure mutation]
  7788 | Lair:1   | Gained mutation: Your muscles are strong. (Str +2) [potion of mutation]
  7788 | Lair:1   | Gained mutation: You are frail. (-10% HP) [potion of mutation]
  7788 | Lair:1   | Gained mutation: You are agile. (Dex +2) [potion of mutation]
  8345 | Lair:2   | Reached skill level 20 in Axes
  8756 | Lair:5   | Killed a five-headed hydra
  8918 | Lair:5   | Reached skill level 5 in Armour
  8919 | Lair:5   | Reached XP level 13. HP: 78/111 MP: 13/13
  9033 | Lair:6   | Entered Level 6 of the Lair of Beasts
  9383 | Lair:6   | Reached skill level 5 in Dodging
  9598 | Lair:6   | HP: 3/111 [catoblepas (13)]
  9600 | Lair:6   | Slain by a catoblepas

Vault maps used:
D:1:      tarquinn_simple_flora_water_e
D:2:      first_bread, grunt_decor_mini_mirrors, corexii_leaking_fountain
D:4:      black_bear_nest_1
D:5:      minmay_tree_intersection, uniq_sigmund
D:6:      kennysheep_orc_sif_temple, lemuel_round_altar,
          kennysheep_big_empty_room, uniq_edmund
D:7:      xom_teletrap_fun, serial_undead, serial_undead_a, serial_undead_d,
          serial_undead_a, serial_undead_b, enter_ossuary_5
D:9:      eat_drink_and_be_merry_uskayaw
D:10:     okawaru_arena_lexackson, orc_david_3, serial_shops, shop,
          blue_anna_alchemist, uniq_maurice
D:11:     david_lair_generic, serial_column_ruins, column_ruins_hut,
          column_ruins_hut_pillars, column_ruins_open_small,
          column_ruins_grid_3, column_ruins_columns_corner,
          column_ruins_corridor_corner, column_ruins_grid_2, uniq_snorg,
          uniq_josephine, uniq_urug
Lair:1:   serial_bayou_shore_a, grunt_megastairs_2
Lair:2:   minmay_swamp_entry_reptiles
Lair:3:   beast_lair_carwin_11
Lair:4:   nicolae_spider_entry_non_spiders
Lair:5:   gammafunk_lair_enchanted_lake, nicolae_slime_entry_slimehenge
Lair:6:   grunt_lair_end_beastmaster, nicolae_quartered_pool_super,
          eino_small_chamber_without_monster, serial_bayou_pond_a,
          bh_autumn_forest_stairs
Ossuary:  ossuary_minmay_four_chambers

Skill      XL: |  1  2  3  4  5  6  7  8  9 10 11 12 13 |
---------------+----------------------------------------+-----
Axes           | 5 6 7 8 9 10 12 14 16 19 20 | 20.0
Fighting       | 4 5 6 7 9 11 12 14 | 14.0
Dodging        | 3 5 |  5.5
Armour         | 5 7 |  7.3

Action                   |  1- 3 |  4- 6 |  7- 9 | 10-12 | 13-15 || total
-------------------------+-------+-------+-------+-------+-------++-------
Melee: Hand axe          |    84 |   105 |    22 |       |       ||   211
       Battleaxe         |       |       |   219 |   616 |    92 ||   927
       War axe           |       |       |    39 |       |       ||    39
       Kick              |       |       |       |    73 |       ||    73
       Peck              |       |       |       |    39 |       ||    39
Invok: Berserk           |     3 |     3 |     6 |     7 |       ||    19
       Brothers in Arms  |       |       |       |     2 |       ||     2
Evoke: Wand              |       |       |     1 |       |       ||     1
  Use: Scroll            |     4 |       |    11 |    17 |       ||    32
       Potion            |       |       |       |    14 |       ||    14
 Stab: Distracted        |       |       |       |     1 |       ||     1
       Petrified         |       |       |       |       |     7 ||     7
  Eat: Chunk             |     1 |     4 |     2 |    32 |     3 ||    42
       Meat ration       |       |       |     2 |     3 |       ||     5
       Royal jelly       |       |       |     1 |       |       ||     1
       Pizza             |       |       |     1 |       |       ||     1
Armor: Leather armour    |    16 |       |       |       |       ||    16
       Ring mail         |     7 |    17 |       |     5 |       ||    29
       Scale mail        |       |       |    20 |       |       ||    20
       Plate armour      |       |       |   107 |   122 |       ||   229
       Chain mail        |       |       |       |   144 |    47 ||   191
       Skin              |       |       |       |    27 |       ||    27
       Troll leather arm |       |       |       |     3 |       ||     3
Dodge: Dodged            |    68 |    38 |    80 |   215 |    33 ||   434
